 Dungeon Crawl Stone Soup version 0.29.0-5-ge4962eb29e (webtiles) character file.

Game seed: 14258409787665916042

79 Zeldest the Trooper (level 4, 0/35 HPs)
             Began as a Mummy Chaos Knight on Aug 29, 2022.
             Was a Plaything of Xom.
             Slain by an ufetubus (4 damage)
             ... summoned by Xom
             ... on level 3 of the Dungeon.
             The game lasted 00:01:32 (1502 turns).

Zeldest the Trooper (Mummy Chaos Knight)            Turns: 1502, Time: 00:01:32

Health: 0/35       AC:  6    Str: 17    XL:     4   Next: 16%
Magic:  4/4        EV: 11    Int: 11    God:    Xom [....*.]
Gold:   168        SH:  0    Dex: 11    Spells: 3/3 levels left

rFire   x . .      SeeInvis .   a - +0 hand axe (chaos)
rCold   + . .      Faith    .   (no shield)
rNeg    + + +      Spirit   .   b - +2 leather armour
rPois   ∞          Reflect  .   i - +0 hat
rElec   .          Harm     .   (no cloak)
rCorr   .          Rampage  .   (no gloves)
Will    .....                   k - +0 pair of boots
Stlth   +.........              (no amulet)
HPRegen 0.11/turn               (no ring)
MPRegen 0.09/turn               (no ring)

@: no status effects
A: cold resistance 1, negative energy resistance 3, torment resistance 2, heat
vulnerability 1, in touch with death 1, no potions
a: Renounce Religion


You were on level 3 of the Dungeon.
You worshipped Xom.
You were a beloved toy of Xom.
You visited 1 branch of the dungeon, and saw 3 of its levels.

You collected 168 gold pieces.

Inventory:

Hand Weapons
 a - a +0 hand axe of chaos (weapon)
Armour
 b - a +2 leather armour (worn)
 i - a +0 hat (worn)
 k - a +0 pair of boots (worn)
Scrolls
 d - a scroll of torment {unknown}
 e - a scroll of brand weapon {unknown}
 f - 2 scrolls of identify {unknown}
 g - a scroll of silence {unknown}
 h - a scroll of blinking {unknown}
 j - a scroll of teleportation {unknown}
 l - a scroll of enchant weapon {unknown}
 m - a scroll of fear {unknown}
 n - a scroll of enchant armour {unknown}
Miscellaneous
 c - a piece from Xom's chessboard (15/15) (quivered)


   Skills:
 + Level 3.5 Fighting
 * Level 3.3 Axes
 + Level 2.3 Armour
 - Level 0.7 Dodging


You had 3 spell levels left.
You didn't know any spells.
Your spell library was empty.

Dungeon Overview and Level Annotations

Branches:
Dungeon (3/15)

Altars:
Fedhas

Shops:
D:1 ?


Innate Abilities, Weirdness & Mutations

You are immune to poison.
Your flesh is cold resistant. (rC+)
You are immune to negative energy. (rN+++)
You are immune to unholy pain and torment.
You are vulnerable to heat. (rF-)
You are in touch with the powers of death.
You do not drink.


Message History

You closely miss the ufetubus.
The ufetubus is lightly wounded.
Your bat zombie misses the ufetubus.
Your bat zombie closely misses the ufetubus.
The ufetubus hits you.
* * * LOW HITPOINT WARNING * * *
The ufetubus hits you but does no damage.
Your bat zombie completely misses the ufetubus.
Your bat zombie closely misses the ufetubus.
The ufetubus hits you.
* * * LOW HITPOINT WARNING * * *
The ufetubus misses you.
You miss the ufetubus.
The ufetubus is lightly wounded.
Your bat zombie closely misses the ufetubus. x2
The ufetubus misses you. The ufetubus hits you.
* * * LOW HITPOINT WARNING * * *
Your bat zombie barely misses the ufetubus.
You miss the ufetubus.
The ufetubus is lightly wounded.
Your bat zombie barely misses the ufetubus.
The ufetubus hits you but does no damage.
The ufetubus misses you.
Your bat zombie barely misses the ufetubus.
The ufetubus closely misses you. x2; Your bat zombie misses the ufetubus.
Okay, then.
Okay, then.
You hit the ufetubus but do no damage.
The ufetubus is lightly wounded.
Your bat zombie completely misses the ufetubus.
Your bat zombie closely misses the ufetubus.
The ufetubus hits you but does no damage.
The ufetubus closely misses you.
Your bat zombie misses the ufetubus.
The ufetubus barely misses you.
The ufetubus hits you but does no damage.
You miss the ufetubus.
Your bat zombie misses the ufetubus.
Your bat zombie hits the ufetubus but does no damage.
The ufetubus hits you.
You die... "I guess I need a new plaything now."

############
#..........# #.# #@# ###
#.# ##5##...## #.#
####Z.<.....#
#####.####...........#
###>......##.##........#
#...†........###.##...##
#.#.###.#.######.##...#
#.#.# #.#.......... ....
#<#.# #.########.## ..##


You could see an ufetubus (summoned, agile, ally target) and a friendly bat
zombie.

Vanquished Creatures
  An adder (D:2)
  3 worms (D:2)
  2 dart slugs (D:1)
  8 ball pythons
  5 endoplasms
  A giant cockroach (D:2)
  6 goblins
  7 hobgoblins
  2 quokkas (D:2)
  5 bats
  6 kobolds
  8 rats
54 creatures vanquished.

Notes
Turn   | Place    | Note
-------+----------+-------------------------------------------
     0 | D:1      | Zeldest the Mummy Chaos Knight began the quest for the Orb.
     0 | D:1      | Reached XP level 1. HP: 18/18 MP: 1/1
    15 | D:1      | XOM: butterfly on damage
    43 | D:1      | Reached XP level 2. HP: 10/24 MP: 2/2
   223 | D:1      | XOM: divination: magic mapping
   485 | D:1      | Found Cuklut's Magic Scroll Shoppe.
   604 | D:1      | XOM: scenery: summon butterflies
   654 | D:1      | Gained mutation: You are in touch with the powers of death.
                  | [Mummy growth]
   654 | D:1      | Reached XP level 3. HP: 29/29 MP: 3/3
   760 | D:2      | Found a faded altar of an unknown god.
  1195 | D:2      | Found a blossoming altar of Fedhas.
  1332 | D:2      | Reached XP level 4. HP: 30/35 MP: 4/4
  1482 | D:3      | XOM: summons 3 hostile demons
  1502 | D:3      | Slain by an ufetubus

Illustrated notes

Levels and vault maps discovered:
D:1:      psy_arrival_terrarium, layout_loops_ring, serial_shops,
          nicolae_shop_advertising_works [nicolae_subvault_shop_adworks],
          nrook_loot_triangle
D:2:      minmay_chambers_of_twos, layout_rooms, basic_altar,
          basic_ecumenical_altar
D:3:      layout_loops_ring, xom_redecorated, mainiacjoe_overflow_divided_tiny,
          serial_shops, nicolae_shop_bloodbath_and_beyond

Skill      XL: |  1  2 |
---------------+-------+-----
Axes           | 3 |  3.3
Armour         | 2 |  2.3
Fighting       | |  3.5
Dodging        | |  0.7

Action                   |  1- 3 |  4- 6 || total
-------------------------+-------+-------++-------
Melee: Hand axe          |    96 |    35 ||   131
       Punch             |     4 |       ||     4
 Stab: Confused          |     1 |       ||     1
Armor: Leather armour    |    28 |    28 ||    56
Dodge: Dodged            |    46 |    31 ||    77
